[Event "WYCC 2018 O16"]
[Site "Halkidiki"]
[Date "2018.10.22"]
[Round "4"]
[White "Zhalmakhanov, Ramazan"]
[Black "Carlsson, Ludvig"]
[Result "1-0"]
[ECO "A46"]
[WhiteElo "2316"]
[BlackElo "2058"]
[Annotator "NA"]
[PlyCount "61"]
[EventDate "2018.10.20"]
[EventType "swiss"]
[EventCountry "GRE"]
[SourceTitle "playchess.com"]
[Source "ChessBase"]
[SourceQuality "1"]
[TimeControl "40/5400+30:1800+30"]

1. d4 Nf6 2. Bg5 e6 3. Nf3 h6 4. Bf4 c5 5. c3 {[%emt 0:00:16] A46: 1 d4 Nf6 2 Nf3 e6: Torre, London and Colle Systems} Nc6 6. e3 {[%emt 0:00:19] LiveBook: 17 Games} d5 7. Nbd2 Bd6 8. Bg3 O-O 9. Bb5 Bxg3 $146 ({Predecessor:} 9... Ne7 10. Bd3 b6 11. O-O Bb7 12. Bxd6 Qxd6 13. Ne5 Nd7 14. f4 {0-1 (77) Gozzoli,Y (2596)-Gharamian,T (2614) Nimes 2018}) 10. hxg3 Qb6 11. Bxc6 bxc6 12. Qc2 a5 13. Ne5 Rb8 14. Rb1 Nd7 15. Nxd7 Bxd7 16. Nb3 cxd4 17. cxd4 Qb4+ 18. Qd2 Qa4 19. Qxa5 Qxa5+ 20. Nxa5 Rb5 21. Nb3 Ra8 22. Nc5 Be8 23. a4 $18 Rb4 24. Kd2 f6 25. b3 Bg6 26. Ra1 e5 27. Kc3 Rbb8 28. Rhe1 Re8 29. b4 Kf7 30. f3 Re7 31. g4 1-0

[Event "WYCC 2018 O16"]
[Site "Halkidiki"]
[Date "2018.10.22"]
[Round "4"]
[White "Katopodis, Dimitrios"]
[Black "Gabizon, Eyal"]
[Result "1/2-1/2"]
[ECO "E92"]
[WhiteElo "2310"]
[BlackElo "2205"]
[Annotator "NA"]
[PlyCount "57"]
[EventDate "2018.10.20"]
[EventType "swiss"]
[EventCountry "GRE"]
[SourceTitle "playchess.com"]
[Source "ChessBase"]
[SourceQuality "1"]
[TimeControl "40/5400+30:1800+30"]

1. d4 Nf6 2. Nf3 g6 3. c4 Bg7 4. Nc3 O-O 5. e4 d6 6. Be2 e5 7. d5 a5 8. Be3 Na6 9. Nd2 Nc5 10. O-O h5 {[%emt 0:09:28] E94: King's Indian: Classical: 6 Be2 e5 7 0-0: Various Black 7th moves} (10... Nfd7 11. b3 f5 12. f3 Nf6 13. a3 Nh5 14. b4 Nd7 15. c5 Nf4 16. Nc4 axb4 17. axb4 Rxa1 18. Qxa1 {0-1 (35) Firouzja,A (2456)-Amonatov,F (2620) Doha 2016}) 11. Bg5 Qd7 $146 ({Predecessor:} 11... Qe8 12. Rc1 Bd7 13. b3 Nh7 14. Be3 h4 15. a3 f5 16. h3 Na6 17. Nf3 Bf6 18. Rb1 {1-0 (45) Huss,A (2420)-Vogt,L (2490) Switzerland 1994}) 12. f3 Nh7 13. Be3 Bf6 14. Qc2 Bg5 15. Bf2 f5 16. b3 Qg7 17. Nb5 Nf6 18. Bd3 Bh6 19. Nc3 f4 20. Rfe1 g5 21. Kf1 $17 g4 22. Ke2 Na6 23. Kd1 Kh8 24. Bf1 c5 25. Nb5 Qe7 26. Bh4 Rg8 27. Kc1 Bg5 28. Bf2 Ne8 29. Kb2 1/2-1/2

[Event "WYCC 2018 O16"]
[Site "Halkidiki"]
[Date "2018.10.22"]
[Round "4"]
[White "Mis, Mieszko"]
[Black "Stefan, Victor"]
[Result "1-0"]
[ECO "E04"]
[WhiteElo "2307"]
[BlackElo "1998"]
[Annotator "NA"]
[PlyCount "81"]
[EventDate "2018.10.20"]
[EventType "swiss"]
[EventCountry "GRE"]
[SourceTitle "playchess.com"]
[Source "ChessBase"]
[SourceQuality "1"]
[TimeControl "40/5400+30:1800+30"]

1. d4 d5 2. c4 e6 3. Nf3 Nf6 4. g3 dxc4 5. Bg2 Bb4+ 6. Bd2 c5 {[%emt 0:00:31] E04: Open Catalan: 5 Nf3} (6... a5 7. a3 Bd6 8. Qa4+ Nc6 9. O-O O-O 10. Qxc4 e5 11. dxe5 Nxe5 12. Nxe5 Bxe5 13. Qc2 c6 14. Bc3 Qe7 {½-½ (77) Fedoseev,V (2707)-Shankland,S (2727) Danzhou 2018}) 7. Bxb4 cxb4 8. Ne5 O-O 9. Nxc4 Nc6 10. e3 e5 {[%emt 0:00:22] LiveBook: 35 Games} 11. Bxc6 bxc6 12. dxe5 Qxd1+ 13. Kxd1 Ng4 14. Ke1 f6 $146 15. Nbd2 Nxe5 16. Ke2 $11 Ba6 17. b3 Rad8 18. f4 Nxc4 19. Nxc4 Bxc4+ 20. bxc4 Rf7 21. Rhd1 Rfd7 22. Rxd7 Rxd7 23. a3 c5 24. axb4 cxb4 25. Ra5 Kf7 26. Rb5 Ke6 27. Rxb4 Kd6 28. Kd3 Kc6+ 29. Kc3 Re7 30. Kd4 Rd7+ 31. Ke4 Re7+ 32. Kf3 f5 33. Rb5 g6 34. h3 h5 35. Re5 Rxe5 36. fxe5 a5 37. Ke2 a4 38. Kd3 a3 39. Kc3 g5 40. h4 a2 41. Kb2 {[%emt 0:01:04] Kd5} 1-0

[Event "WYCC 2018 O16"]
[Site "Halkidiki"]
[Date "2018.10.22"]
[Round "4"]
[White "Travadon, Loic"]
[Black "Rodriguez Izquierdo, Luis"]
[Result "1-0"]
[ECO "D93"]
[WhiteElo "2293"]
[BlackElo "2038"]
[Annotator "NA"]
[PlyCount "47"]
[EventDate "2018.10.20"]
[EventType "swiss"]
[EventCountry "GRE"]
[SourceTitle "playchess.com"]
[Source "ChessBase"]
[SourceQuality "1"]
[TimeControl "40/5400+30:1800+30"]

1. d4 Nf6 2. Nf3 g6 3. c4 Bg7 4. Nc3 d5 5. Bf4 O-O 6. e3 c5 7. dxc5 Be6 8. Nd4 Nc6 9. Nxe6 fxe6 10. Bd3 Nh5 11. Bg3 d4 12. exd4 Nxg3 13. hxg3 Bxd4 14. f4 Bxc5 15. Qe2 Nd4 16. Qe4 Rf6 17. O-O-O Nf5 18. Rh3 Qd4 $18 19. Qxd4 Bxd4 20. Ne4 Rd8 21. Nxf6+ exf6 22. Bxf5 exf5 23. Kc2 h5 24. g4 1-0

[Event "WYCC 2018 O16"]
[Site "Halkidiki"]
[Date "2018.10.22"]
[Round "4"]
[White "Jakab, Bela"]
[Black "Vestby-Ellingsen, Mads"]
[Result "1-0"]
[ECO "B40"]
[WhiteElo "2285"]
[BlackElo "2410"]
[Annotator "NA RC"]
[PlyCount "145"]
[EventDate "2018.10.20"]
[EventType "swiss"]
[EventCountry "GRE"]
[SourceTitle "playchess.com"]
[Source "ChessBase"]
[SourceQuality "1"]
[TimeControl "40/5400+30:1800+30"]

1. e4 c5 2. Nf3 e6 3. c3 Nf6 4. e5 Nd5 5. Bc4 d6 6. exd6 {[%emt 0:00:36] B22: Sizilianisch (Alapin 2.c3)} (6. O-O dxe5 7. Nxe5 Bd6 8. d4 Qc7 9. Na3 a6 10. Nf3 O-O 11. Bxd5 exd5 12. dxc5 Bxc5 13. Nc2 Bf5 14. Ne3 Bxe3 15. Bxe3 {½-½ (46) Grandelius,N (2655)-Vocaturo,D (2615) Batumi 2018}) 6... Bxd6 7. d4 O-O 8. dxc5 {[%emt 0:06:29] LiveBook: 6 Games} Bxc5 9. O-O Nf6 10. Qe2 Qc7 $146 ({Vorgänger:} 10... a6 11. Bf4 Nbd7 12. Nbd2 b5 13. Bb3 {0-1 (50) Praznik,N (2356)-Sikula,V (2501) Latschach 2006}) 11. Bg5 b6 12. Nbd2 Bb7 13. Rad1 Nbd7 14. Bb3 Rac8 15. Bc2 Bd6 16. Ne4 Bf4 17. Nxf6+ Nxf6 18. Bxf6 gxf6 19. Be4 Rfd8 20. Bxb7 Qxb7 21. Rd4 Rxd4 22. Nxd4 Qd5 23. Qg4+ Qg5 24. Qf3 Bd6 $14 25. g3 Bf8 26. Qb7 Rd8 27. Qxa7 Bc5 28. Qc7 Rd5 29. Nb3 Rf5 30. Nxc5 bxc5 31. a4 Qg4 32. a5 Qa4 33. Qb6 c4 34. a6 Ra5 35. Qd4 Kg7 36. Rd1 Rd5 37. Qg4+ Rg5 38. Qe2 Re5 39. Qf1 Qxa6 40. b4 Re4 41. Ra1 Qb5 42. Qd1 Qd5 43. Qxd5 exd5 44. Kf1 d4 45. Re1 Rg4 46. f4 f5 47. cxd4 Rg6 48. Rc1 Rc6 49. Ke2 Kf6 50. Kd2 Ke6 51. Kc3 Kd5 52. Re1 f6 53. Re7 Ra6 54. Rd7+ Ke6 55. Rxh7 Kd5 56. Rd7+ Ke6 57. Rd8 Ra2 58. b5 Ke7 59. Rh8 Kd6 60. Kxc4 Rc2+ 61. Kb4 Kc7 62. Rh6 Kb7 63. Rxf6 Rxh2 64. Rxf5 Rh6 65. g4 Rh7 66. g5 Kb6 67. Rf6+ Kb7 68. g6 Rd7 69. Rf7 Kb6 70. Rf6+ Kb7 71. Kc5 Rc7+ 72. Rc6 Re7 73. f5 1-0

[Event "WYCC 2018 O16"]
[Site "Halkidiki"]
[Date "2018.10.22"]
[Round "4"]
[White "Talukdar, Rohan"]
[Black "Triantos, Konstantinos"]
[Result "1-0"]
[ECO "B90"]
[WhiteElo "2279"]
[BlackElo "2002"]
[Annotator "NA"]
[PlyCount "91"]
[EventDate "2018.10.20"]
[EventType "swiss"]
[EventCountry "GRE"]
[SourceTitle "playchess.com"]
[Source "ChessBase"]
[SourceQuality "1"]
[TimeControl "40/5400+30:1800+30"]

1. e4 c5 2. Nf3 d6 3. d4 cxd4 4. Nxd4 Nf6 5. Nc3 a6 6. Be3 e5 7. Nb3 Be7 8. f3 Be6 9. Qd2 Nbd7 10. g4 O-O 11. O-O-O b5 12. g5 b4 13. Ne2 Ne8 14. f4 a5 {[%emt 0:00:16] LiveBook: 781 Games} 15. f5 Bxb3 16. cxb3 a4 17. bxa4 Rxa4 18. Kb1 Rxa2 19. Nc1 Ra8 20. Nb3 Qb8 21. Bc4 Nb6 22. Bxb6 Qxb6 23. h4 Qa7 24. Rh3 Qa2+ 25. Kc2 Rc8 26. Ra1 Rxc4+ 27. Kd1 Qxa1+ 28. Nxa1 Rxe4 29. Nc2 d5 30. Qxd5 Nd6 31. Re3 Rd8 32. Ke1 b3 33. Qxb3 Rxh4 34. g6 Bf6 35. Rd3 hxg6 36. fxg6 Rf4 37. Ne3 Rd4 38. Rc3 Ne4 39. Qxf7+ Kh8 40. Rc2 Bh4+ 41. Kf1 Nd2+ 42. Ke2 Bg5 43. Rc7 Bf6 44. Qe6 Rh4 45. Rc8 Rhd4 46. Qe8+ 1-0

[Event "WYCC 2018 O16"]
[Site "Halkidiki"]
[Date "2018.10.22"]
[Round "4"]
[White "Peng, Hongchi"]
[Black "Schitco, Ivan"]
[Result "0-1"]
[ECO "B00"]
[WhiteElo "2273"]
[BlackElo "2376"]
[Annotator "NA"]
[PlyCount "72"]
[EventDate "2018.10.20"]
[EventType "swiss"]
[EventCountry "GRE"]
[SourceTitle "playchess.com"]
[Source "ChessBase"]
[SourceQuality "1"]
[TimeControl "40/5400+30:1800+30"]

1. e4 d6 2. d4 Nf6 3. f3 c6 4. c4 e5 5. Nc3 Nbd7 6. Be3 Be7 7. Qd2 O-O 8. g4 exd4 9. Qxd4 (9. Bxd4 $11 {remains equal.} Ne5 10. Be2) 9... a6 10. g5 Nh5 11. f4 Nc5 12. Qd2 f5 13. Be2 Qe8 14. Qd1 Nxf4 15. Bxf4 fxe4 16. Qd2 Bg4 17. Be3 $19 (17. O-O-O $17 {only move.} Bxe2 18. Ngxe2 Nd3+ 19. Kb1 Nxf4 20. Nxf4 Bxg5 21. Rhf1) 17... Nd3+ 18. Bxd3 exd3 19. h4 d5 20. Qxd3 Bc5 21. Nxd5 Qe5 22. Ne2 Rf3 23. Rf1 Bb4+ 24. Nec3 cxd5 25. Rxf3 Bxf3 26. Qd4 Qh2 27. Bf2 Re8+ 28. Kd2 Re2+ 29. Kd3 Qxf2 30. Qxf2 Rxf2 31. Nxd5 Rd2+ 32. Ke3 Bxd5 33. cxd5 Rxd5 34. Ke4 Rd2 35. b3 Re2+ 36. Kd5 Re1 0-1

[Event "WYCC 2018 O16"]
[Site "Halkidiki"]
[Date "2018.10.22"]
[Round "4"]
[White "Thilakarathne, G M H"]
[Black "Teclaf, Pawel"]
[Result "1/2-1/2"]
[ECO "B41"]
[WhiteElo "2268"]
[BlackElo "2384"]
[Annotator "NA"]
[PlyCount "34"]
[EventDate "2018.10.20"]
[EventType "swiss"]
[EventCountry "GRE"]
[SourceTitle "playchess.com"]
[Source "ChessBase"]
[SourceQuality "1"]
[TimeControl "40/5400+30:1800+30"]

1. e4 c5 2. Nf3 e6 3. d4 cxd4 4. Nxd4 a6 5. c4 Nf6 6. Nc3 Bb4 7. Qd3 O-O 8. Be2 d6 9. Nc2 Bxc3+ $11 10. bxc3 Nbd7 11. Ba3 Nc5 12. Bxc5 dxc5 13. e5 Qxd3 14. Bxd3 Nd7 15. f4 f6 16. exf6 Nxf6 17. O-O-O Ng4 1/2-1/2

[Event "WYCC 2018 O16"]
[Site "Halkidiki"]
[Date "2018.10.22"]
[Round "4"]
[White "Nielsen, Andre"]
[Black "Shubin, Kirill"]
[Result "1/2-1/2"]
[ECO "C16"]
[WhiteElo "2260"]
[BlackElo "2369"]
[Annotator "NA"]
[PlyCount "99"]
[EventDate "2018.10.20"]
[EventType "swiss"]
[EventCountry "GRE"]
[SourceTitle "playchess.com"]
[Source "ChessBase"]
[SourceQuality "1"]
[TimeControl "40/5400+30:1800+30"]

1. e4 e6 2. d4 d5 3. Nc3 Bb4 4. e5 b6 5. Qg4 Bf8 6. Bg5 Qd7 7. O-O-O h6 8. Be3 {[%emt 0:02:16] C16: Französische Verteidigung (Nimzowitsch-Variante)} Ba6 9. Nge2 Ne7 $146 ({Vorgänger:} 9... Nc6 10. f4 O-O-O 11. Qf3 Na5 12. g4 h5 13. h3 g6 14. Kb1 Ne7 15. b3 {½-½ (26) Hjartarson,J (2640)-Berezovsky,I (2444) Germany 2003}) 10. Ng3 Bxf1 11. Rhxf1 Nbc6 12. Kb1 Na5 13. Bc1 O-O-O 14. Qf3 Qe8 15. b3 Nb7 16. Nh5 Kb8 17. Qe2 Rc8 18. f4 c5 19. Bb2 c4 20. g4 $14 Nc6 21. f5 Nca5 22. Rf3 g6 23. Nf4 Bb4 24. Qe3 Bxc3 25. Bxc3 cxb3 26. axb3 gxf5 27. gxf5 Qc6 28. fxe6 fxe6 29. Ng6 Rh7 30. Rd2 Rhc7 31. Bb4 Qb5 32. Bd6 Nxd6 33. exd6 Rd7 34. Qxh6 Rxd6 35. Rf8 Rd7 36. Ne5 Rdc7 37. Rxc8+ Rxc8 38. Qxe6 Nxb3 39. Qd6+ Kb7 40. cxb3 Qxb3+ 41. Rb2 Qd1+ 42. Ka2 Qxd4 43. Rg2 Rc7 44. h4 Qa4+ 45. Qa3 Qxh4 46. Nd3 Qd4 47. Rb2 a5 48. Rb3 Rc2+ 49. Nb2 Ka6 50. Rxb6+ 1/2-1/2

[Event "WYCC 2018 O16"]
[Site "Halkidiki"]
[Date "2018.10.22"]
[Round "4"]
[White "Mukhutdinov, Tigran"]
[Black "Guerra Rivera, Salvador"]
[Result "1-0"]
[ECO "B23"]
[WhiteElo "2256"]
[BlackElo "2340"]
[Annotator "NA"]
[PlyCount "89"]
[EventDate "2018.10.20"]
[EventType "swiss"]
[EventCountry "GRE"]
[SourceTitle "playchess.com"]
[Source "ChessBase"]
[SourceQuality "1"]
[TimeControl "40/5400+30:1800+30"]

1. e4 c5 2. Nc3 g6 3. f4 Bg7 4. Nf3 Nc6 5. Bc4 e6 6. O-O Nge7 7. d3 d5 8. Bb3 O-O 9. Qe1 a6 $11 {[%emt 0:10:30] LiveBook: 8 Games} 10. Qh4 b5 11. f5 dxe4 12. Ng5 h6 13. f6 hxg5 14. Bxg5 Nf5 15. Rxf5 gxf5 16. Kh1 Qd4 17. Ne2 Qxb2 18. Rf1 e3 19. d4 Bh8 20. Qg3 Rd8 21. Bh6+ Kh7 22. Bg7 Kg8 23. Bxh8+ Kf8 24. Qg7+ Ke8 25. Qg8+ Kd7 26. Qxf7+ Kd6 27. Bg7 Bd7 28. dxc5+ Kxc5 29. Bh6 Qe5 30. Bf4 Qe4 31. Nc3 Qd4 32. Ne2 Qd2 33. Nc1 e2 34. Rg1 e1=Q 35. Nd3+ Qxd3 36. cxd3 Qe2 37. Bc7 Ne5 38. Qe7+ Kc6 39. Qd6+ Kb7 40. Qb6+ Kc8 41. Bxd8 Ra7 42. Qxa7 Kxd8 43. Qb8+ Bc8 44. Bxe6 Nd7 45. Qd6 1-0

[Event "WYCC 2018 O16"]
[Site "Halkidiki"]
[Date "2018.10.22"]
[Round "4"]
[White "Juksta, Karolis"]
[Black "Morgunov, Daniel"]
[Result "1-0"]
[ECO "E20"]
[WhiteElo "2234"]
[BlackElo "2328"]
[Annotator "NA"]
[PlyCount "45"]
[EventDate "2018.10.20"]
[EventType "swiss"]
[EventCountry "GRE"]
[SourceTitle "playchess.com"]
[Source "ChessBase"]
[SourceQuality "1"]
[TimeControl "40/5400+30:1800+30"]

1. d4 Nf6 2. c4 e6 3. Nc3 Bb4 4. f3 d5 5. a3 Bd6 6. e4 c5 7. cxd5 cxd4 8. Bb5+ Bd7 9. Bxd7+ Qxd7 10. Qxd4 exd5 (10... Nc6 $1 $11 {keeps the balance.} 11. Qd1 (11. dxc6 $2 Bg3+ 12. hxg3 Qxd4 $19) 11... exd5) 11. exd5 (11. Nxd5 $16 Qe6 12. Nxf6+ gxf6 13. Ne2) 11... O-O 12. Nge2 Re8 13. O-O Nxd5 14. Qxd5 Rxe2 15. Rd1 Re6 $18 16. Ne4 Qe7 17. Bg5 f6 18. Nxd6 fxg5 19. Ne4 Kh8 20. Nxg5 Rf6 21. Qxb7 Qc5+ 22. Kh1 Rf8 23. Ne6 1-0

[Event "WYCC 2018 O16"]
[Site "Halkidiki"]
[Date "2018.10.22"]
[Round "4"]
[White "Quirhuayo Chumbe, German Gonzalo"]
[Black "Golikov, Daniil"]
[Result "1-0"]
[ECO "B42"]
[WhiteElo "2220"]
[BlackElo "2319"]
[Annotator "NA"]
[PlyCount "53"]
[EventDate "2018.10.20"]
[EventType "swiss"]
[EventCountry "GRE"]
[SourceTitle "playchess.com"]
[Source "ChessBase"]
[SourceQuality "1"]
[TimeControl "40/5400+30:1800+30"]

1. e4 c5 2. Nf3 e6 3. d4 cxd4 4. Nxd4 a6 5. Bd3 Qc7 6. O-O Nf6 7. Nc3 Nc6 8. Be3 Ne5 9. h3 Bc5 10. Kh1 d6 {[%emt 0:02:50] B48: Sicilian: Taimanov: 5 Nc3 Qc7 6 Be3 a6 without Be2} 11. Nce2 (11. f4 Ned7 12. Qd2 O-O 13. Rae1 b5 14. Nb3 Bxe3 15. Qxe3 Bb7 16. e5 dxe5 17. fxe5 Nd5 18. Nxd5 Bxd5 19. Rf4 Rae8 {0-1 (29) Lie,K (2509)-Swiercz,D (2631) Yerevan 2014}) 11... d5 12. f4 Nc4 13. Bxc4 dxc4 14. Nc3 b5 $146 ({Predecessor:} 14... Bb4 15. Qf3 b6 16. e5 Bb7 17. Qg3 Bxc3 18. bxc3 {0-1 (27) Mammadova,S (1836)-Yang,Y (1975) Khanty-Mansiysk 2016}) 15. e5 Nd7 16. Qg4 (16. f5 $5 Nxe5 17. fxe6 $16) 16... g6 17. Nxe6 Qc6 18. Nd4 Bxd4 19. Bxd4 Nc5 20. e6 Bxe6 21. f5 gxf5 22. Qf3 Kd7 23. Bxc5 $18 Qxc5 24. Qb7+ Kd6 25. Rfe1 Qc8 26. Rad1+ Kc5 27. Re5+ {[%emt 0:00:04] Kd5} 1-0

[Event "WYCC 2018 O16"]
[Site "Halkidiki"]
[Date "2018.10.22"]
[Round "4"]
[White "Sargsyan, Tigran R."]
[Black "Sahidi, Samir"]
[Result "1-0"]
[ECO "A49"]
[WhiteElo "2218"]
[BlackElo "2315"]
[Annotator "NA"]
[PlyCount "111"]
[EventDate "2018.10.20"]
[EventType "swiss"]
[EventCountry "GRE"]
[SourceTitle "playchess.com"]
[Source "ChessBase"]
[SourceQuality "1"]
[TimeControl "40/5400+30:1800+30"]

1. d4 Nf6 2. Nf3 g6 3. g3 Bg7 4. Bg2 O-O 5. O-O d6 6. b3 c6 7. Bb2 Qc7 8. c4 Re8 9. Nc3 Bg4 10. e4 Nbd7 11. h3 Bxf3 12. Bxf3 Nf8 13. Qd2 N6d7 14. Rad1 Ne6 15. Ne2 Bf6 16. Bg2 c5 $16 17. d5 Ng7 18. f4 Rab8 19. g4 Bxb2 20. Qxb2 b5 21. cxb5 Rxb5 22. Qc3 Qa5 23. Rd2 Qxc3 24. Nxc3 Ra5 25. e5 Rb8 26. Re1 Kf8 27. Rde2 f5 28. exf6 exf6 29. Re7 Re8 30. Rxe8+ Nxe8 31. Re6 Kf7 32. Bf1 Nf8 33. Re3 Nc7 34. Bc4 f5 35. a4 Nd7 36. Re6 fxg4 37. hxg4 Nb6 38. Rxd6 Nxc4 39. Rd7+ Ke8 40. Rxc7 Nd2 41. d6 Nxb3 42. Ne4 Ra6 43. Rb7 Rb6 44. Rxa7 Kd8 45. Ng5 Kc8 46. d7+ Kb8 47. d8=Q+ Kxa7 48. Ne4 Rb4 49. a5 Ka6 50. Qa8+ Kb5 51. a6 Nd4 52. Qb7+ Kc4 53. Qxb4+ cxb4 54. a7 b3 55. Nd2+ Kd3 56. Nxb3 1-0

[Event "WYCC 2018 O16"]
[Site "Halkidiki"]
[Date "2018.10.22"]
[Round "4"]
[White "Ongut, Tamas Gunes"]
[Black "Wachinger, Nikolas"]
[Result "0-1"]
[ECO "B90"]
[WhiteElo "2185"]
[BlackElo "2360"]
[Annotator "NA"]
[PlyCount "116"]
[EventDate "2018.10.20"]
[EventType "swiss"]
[EventCountry "GRE"]
[SourceTitle "playchess.com"]
[Source "ChessBase"]
[SourceQuality "1"]
[TimeControl "40/5400+30:1800+30"]

1. e4 c5 2. Nf3 d6 3. d4 Nf6 4. Nc3 cxd4 5. Nxd4 a6 6. f3 e5 7. Nb3 Be6 8. Be3 Nbd7 9. Qd2 h5 10. Nd5 Bxd5 11. exd5 g6 12. Be2 Bg7 13. O-O b6 14. c4 O-O 15. Rac1 Nh7 16. Na1 $11 a5 17. Nc2 f5 18. Na3 Nc5 19. Nb5 Bf6 20. b3 Bg5 21. Bxg5 Nxg5 22. f4 Nge4 23. Qe3 Qf6 24. fxe5 Qxe5 25. Bf3 Rae8 26. Rfe1 Kh7 27. Rcd1 Re7 28. Qc1 Rfe8 29. Nd4 Qf6 30. Nc6 Rf7 31. Qc2 Rff8 32. Nd4 Ng5 33. Qf2 Rxe1+ 34. Qxe1 Rf7 35. h4 Re7 36. Qf2 Nge4 37. Bxe4 Nxe4 38. Qe1 f4 39. Ne6 Ng3 40. Ng5+ Kg8 41. Qf2 Re3 42. Qc2 Kg7 43. Ne6+ Kh6 44. Qf2 Re4 45. Qc2 Qxh4 46. Qb2 Re5 47. Qd2 Re3 48. Nxf4 Qxf4 49. Qf2 Qxf2+ 50. Kxf2 Rc3 51. Rb1 Nf5 52. a3 Nd4 53. b4 Rxc4 54. Ke3 Nf5+ 55. Kd3 Rd4+ 56. Kc3 Rxd5 57. bxa5 bxa5 58. a4 Rd4 {[%emt 0:00:09] Kxd4} 0-1

[Event "WYCC 2018 O16"]
[Site "Halkidiki"]
[Date "2018.10.22"]
[Round "4"]
[White "Kotau, Arseni"]
[Black "Kalavannan, Koby"]
[Result "1/2-1/2"]
[ECO "E83"]
[WhiteElo "2167"]
[BlackElo "2365"]
[Annotator "NA"]
[PlyCount "136"]
[EventDate "2018.10.20"]
[EventType "swiss"]
[EventCountry "GRE"]
[SourceTitle "playchess.com"]
[Source "ChessBase"]
[SourceQuality "1"]
[TimeControl "40/5400+30:1800+30"]

1. d4 Nf6 2. c4 g6 3. Nc3 Bg7 4. e4 d6 5. f3 O-O 6. Nge2 a6 7. Be3 Nc6 8. Qd2 Bd7 9. g4 b5 10. h4 bxc4 (10... h5 $11) 11. h5 Re8 12. O-O-O a5 13. hxg6 hxg6 14. Bh6 Bh8 15. Nf4 Nxd4 16. Qxd4 e5 17. Qf2 ({Not} 17. Qxc4 exf4 18. Bxf4 Bg7 $16) 17... exf4 $18 18. Bg5 Bg7 19. Bxc4 Re5 20. Qh4 Rc5 21. e5 Rxe5 22. Ne4 Rxe4 23. fxe4 Qe7 24. Bh6 Qf8 25. e5 Nxg4 26. Bxg7 Qxg7 27. e6 Ne5 28. exf7+ Nxf7 29. Qe7 Be8 30. Rde1 Qd4 31. Bb3 a4 32. Reg1 Qe3+ 33. Qxe3 fxe3 34. Rxg6+ Kf8 35. Bd5 Ra5 36. Bxf7 Bxf7 37. Rg3 Rc5+ 38. Kb1 e2 39. Rh8+ Ke7 40. Re3+ Re5 41. Rxe5+ dxe5 42. Rh1 e4 43. Re1 Bc4 44. Kc2 Kd6 45. Kd2 Kd5 46. Rc1 c5 47. Ke3 Bxa2 48. Kxe2 Kd4 49. Rc3 Bc4+ 50. Kd2 Bd3 51. Ra3 e3+ 52. Ke1 Bc2 53. Rc3 Bb3 54. Ke2 Bc4+ 55. Ke1 Bb5 56. Kd1 Be8 57. Ke2 Bb5+ 58. Kd1 e2+ 59. Kd2 Kd5 60. Rg3 Bc4 61. Ra3 Bb5 62. Rg3 Kd4 63. Rc3 Bc6 64. Kxe2 Bd5 65. Kd2 Bb3 66. Rh3 Kc4 67. Rh4+ Kb5 68. Kc3 Bd1 1/2-1/2

[Event "WYCC 2018 O16"]
[Site "Halkidiki"]
[Date "2018.10.22"]
[Round "4"]
[White "Onslow, Alfie"]
[Black "Mitsis, Georgios"]
[Result "1/2-1/2"]
[ECO "C45"]
[WhiteElo "2037"]
[BlackElo "2350"]
[Annotator "NA"]
[PlyCount "100"]
[EventDate "2018.10.20"]
[EventType "swiss"]
[EventCountry "GRE"]
[SourceTitle "playchess.com"]
[Source "ChessBase"]
[SourceQuality "1"]
[TimeControl "40/5400+30:1800+30"]

1. e4 e5 2. Nf3 Nc6 3. d4 exd4 4. Nxd4 Nf6 5. Nxc6 bxc6 6. e5 Qe7 7. Qe2 Nd5 8. c4 Nb6 9. Nc3 Qe6 10. Qe4 g6 {[%emt 0:03:08] C45: Schottische Partie} 11. Be2 (11. Bd2 Bg7 12. c5 Nd5 13. Bc4 Qxe5 14. Qxe5+ Bxe5 15. Bxd5 cxd5 16. O-O-O O-O 17. Nxd5 Rb8 18. Bc3 Bxc3 19. Nxc3 {1-0 (49) Yu,Y (2729)-Dominguez Perez,L (2739) Doha 2016}) 11... Bg7 12. f4 O-O 13. O-O Ba6 14. c5 $146 ({Vorgänger:} 14. b3 $14 f6 15. c5 Bxe2 16. Nxe2 Nd5 17. Bb2 fxe5 18. fxe5 Rae8 19. Rxf8+ Bxf8 20. Re1 Bxc5+ 21. Bd4 Qe7 22. Nf4 Qxe5 {0-1 (22) Csiba,D (2401)-Bernasek,J (2470) Brezova pod Bradlom 2009}) 14... Bxe2 15. Qxe2 Nd5 16. Nxd5 cxd5 17. Qd3 f6 18. exf6 Bxf6 19. f5 Qe4 20. Qxe4 dxe4 $11 21. Be3 d5 22. cxd6 cxd6 23. fxg6 hxg6 24. Rad1 Be5 25. Rxf8+ Rxf8 26. Bd4 Bf4 27. g3 Bh6 28. Bxa7 Ra8 29. Bb6 Rxa2 30. Rxd6 Rxb2 31. Rxg6+ Kh7 32. Re6 Rxb6 33. Rxe4 Rb2 34. Re6 Bg7 35. Rd6 Be5 36. Rd5 Bf6 37. Rf5 Kg6 38. Rf3 Bd4+ 39. Kh1 Kg5 40. h3 Be5 41. Kg1 Re2 42. Kh1 Kg6 43. Kg1 Bf6 44. Rf4 Kf7 45. Rf2 Re3 46. Kg2 Kg6 47. Rf3 Re2+ 48. Rf2 Re3 49. Rf3 Re2+ 50. Rf2 Re3 1/2-1/2

[Event "WYCC 2018 O16"]
[Site "Halkidiki"]
[Date "2018.10.22"]
[Round "4"]
[White "Wijesinghe, N L C Dojitha"]
[Black "Chukavin, Kirill"]
[Result "1/2-1/2"]
[ECO "B22"]
[WhiteElo "1688"]
[BlackElo "2274"]
[Annotator "ChessBase"]
[PlyCount "138"]
[EventDate "2018.10.20"]
[EventType "swiss"]
[EventCountry "GRE"]
[SourceTitle "playchess.com"]
[Source "ChessBase"]
[SourceQuality "1"]
[TimeControl "40/5400+30:1800+30"]

1. e4 c5 2. c3 d5 3. exd5 Qxd5 4. d4 Nf6 5. Be3 Ng4 6. Bf4 Nc6 7. h3 e5 8. Bg3 Nf6 9. dxe5 Qxd1+ 10. Kxd1 Ne4 11. Bb5 Bd7 12. Bxc6 Bxc6 13. Nf3 O-O-O+ 14. Ke1 Nxg3 15. fxg3 g6 16. Nbd2 b5 17. Kf2 c4 18. Rhe1 Bc5+ 19. Kf1 Rhe8 20. Ne4 Bxe4 21. Rxe4 Kd7 22. Ng5 Ke7 23. Rae1 h6 24. Nf3 Rd3 25. g4 g5 26. Nd4 Bxd4 27. Rxd4 Rd8 28. Rxd8 Rxd8 29. Ke2 Ke6 30. Rf1 Rd5 31. Rf6+ Kxe5 32. Rxf7 Ke4 33. Rxa7 Kf4 34. Rf7+ Kg3 35. Rf3+ Kxg2 36. Rf5 Rd6 37. Rxb5 Re6+ 38. Kd2 Kxh3 39. Rc5 Kxg4 40. Rxc4+ Kf3 41. Rc8 g4 42. Rf8+ Kg2 43. c4 g3 44. b4 Kh1 45. Rg8 g2 46. c5 h5 47. b5 Re5 48. a4 Rxc5 49. b6 Rc4 50. Rg5 h4 51. a5 Rb4 52. Kc3 Rb1 53. Rh5 Rc1+ 54. Kb3 Rb1+ 55. Kc3 Rc1+ 56. Kb3 Kh2 57. Rxh4+ Kg3 58. Rh8 Kf4 59. Rg8 g1=Q 60. Rxg1 Rxg1 61. Kc4 Rb1 62. Kc5 Ke5 63. a6 Rc1+ 64. Kb5 Kd5 65. a7 Rb1+ 66. Ka6 Kc5 67. a8=Q Ra1+ 68. Kb7 Rxa8 69. Kxa8 Kxb6 1/2-1/2

[Event "WYCC 2018 O16"]
[Site "Halkidiki"]
[Date "2018.10.23"]
[Round "5"]
[White "Engel, Luis"]
[Black "Travadon, Loic"]
[Result "1-0"]
[ECO "B40"]
[WhiteElo "2441"]
[BlackElo "2293"]
[Annotator "ChessBase"]
[PlyCount "77"]
[EventDate "2018.10.20"]
[EventType "swiss"]
[EventCountry "GRE"]
[SourceTitle "playchess.com"]
[Source "ChessBase"]
[SourceQuality "1"]
[TimeControl "40/5400+30:1800+30"]

1. e4 c5 2. Nf3 e6 3. d4 cxd4 4. Nxd4 Nf6 5. Nc3 Nc6 6. Ndb5 Bc5 7. Nd6+ Ke7 8. Bf4 e5 9. Nf5+ Kf8 10. Bg5 d6 11. Ne3 h6 12. Bxf6 Qxf6 13. Ncd5 Qd8 14. c3 a6 15. a4 Be6 16. Bc4 g6 17. O-O Kg7 18. Qd3 Ba7 19. Kh1 Rc8 20. Rad1 Qd7 21. b4 Rhf8 22. a5 f5 23. exf5 Bxf5 24. Qd2 Ne7 25. Ba2 Nxd5 26. Nxd5 Be4 27. f3 Bxd5 28. Bxd5 Rf6 29. Rfe1 Qc7 30. c4 Bd4 31. Re4 b6 32. Qe1 Kf8 33. Rdxd4 exd4 34. axb6 Qxb6 35. Re7 h5 36. Rh7 Rc7 37. Rh8+ Kg7 38. Qe8 Rff7 39. Rg8+ 1-0